[Event "Team 45 45 League T39"]
[Site "Internet Chess Club"]
[Date "2008.12.01"]
[Round "6"]
[White "zachi"]
[Black "proudchess"]
[Result "1/2-1/2"]
[WhiteElo "1979"]
[BlackElo "2015"]
[Opening "Sicilian: closed"]
[ECO "B23"]
[Time "12:59:09"]
[TimeControl "2700+45"]

1. e4 c5 2. Nc3 e6 3. g3 Nc6 4. Bg2 Nf6 5. d3 Be7 6. Nge2 a6 7. f4 d6 8. O-O O-O
9. b3 Qb6 10. Kh1 Qc7 11. Bb2 Bd7 12. Ng1 Nd4 13. g4 Bc6 14. g5 Nd7 15. Nce2 b5
16. Nxd4 cxd4 17. Bxd4 f5 18. gxf6 Bxf6 19. Nf3 e5 20. fxe5 Nxe5 21. Nxe5 dxe5
22. Bc5 Be7 23. Bxe7 Qxe7 24. Qe2 b4 25. Bh3 a5 26. Bf5 g6 27. Qg4 Kg7 28. Be6
Rf4 29. Rxf4 exf4 30. Rf1 Rf8 31. h4 f3 32. h5 f2 33. Kg2 Rf6 34. Bc4 Qc5 35.
Qg3 Qxh5 36. Rxf2 Rxf2+ 37. Kxf2 Qc5+ 38. Kg2 Bb7 39. Qf4 Qe7 40. Kg3 h5 41. Kf3
g5 42. Qf5 Qf6 43. Be6 Qxf5+ 44. Bxf5 Kf6 45. d4 Ba6 46. Kf2 Bb5 47. Bc8 g4 48.
e5+ Kg5 49. d5 Kf4 50. d6 g3+ 51. Kg1 h4 52. Bh3 Kxe5 53. d7 Bxd7 54. Bxd7 Kd4
55. Kg2 Kc3 56. Bf5 Kb2 57. Be4 Kxa2 58. Kh3 Kb2 59. Kxh4 g2 60. Bxg2 Kxc2 61.
Bd5 Kb2 62. Kg4 Ka3 63. Kf4 a4 64. bxa4 Kxa4 65. Ke4 {Game drawn by mutual
agreement} 1/2-1/2

[Event "Team 45 45 League T39"]
[Site "Internet Chess Club"]
[Date "2008.11.30"]
[Round "6"]
[White "Philly-Boy"]
[Black "touchthis"]
[Result "1/2-1/2"]
[WhiteElo "1797"]
[BlackElo "1806"]
[Opening "QGD: 4.Bg5 Be7"]
[ECO "D53"]
[Time "23:35:12"]
[TimeControl "2700+45"]

1. d4 e6 2. c4 d5 3. Nc3 Nf6 4. Bg5 Be7 5. e3 h6 6. Bh4 Nbd7 7. Nf3 O-O 8. Rc1
b6 9. Qb3 dxc4 10. Qxc4 Bb7 11. Be2 c5 12. O-O cxd4 13. Nxd4 Rc8 14. Qa4 a6 15.
Bf3 Nc5 16. Qd1 Bxf3 17. Qxf3 Nd3 18. Rc2 Nxb2 19. Nc6 Qc7 20. Nxe7+ Qxe7 21.
Bxf6 Qxf6 22. Qxf6 gxf6 23. Rxb2 Rxc3 24. Rxb6 Ra3 25. Rb2 Rc8 {Game drawn by
mutual agreement} 1/2-1/2

[Event "Team 45 45 League T39"]
[Site "Internet Chess Club"]
[Date "2008.11.30"]
[Round "6"]
[White "Capamuerte"]
[Black "XelNaga"]
[Result "0-1"]
[WhiteElo "2260"]
[BlackElo "2406"]
[Opening "Benko's opening"]
[ECO "A00"]
[Time "09:05:54"]
[TimeControl "2700+45"]

1. g3 e5 2. c4 Nf6 3. Bg2 c6 4. Nc3 d5 5. b3 d4 6. Nb1 Na6 7. d3 Bb4+ 8. Bd2 Bd6
9. a3 O-O 10. Nf3 h6 11. O-O Bg4 12. b4 Qe7 13. c5 Bb8 14. Re1 Nc7 15. a4 Rd8
16. a5 e4 17. dxe4 Nxe4 18. Qb3 Nb5 19. Bc1 Qf6 20. Bb2 Bc7 21. Nbd2 Nec3 22. h3
Be6 23. Qc2 Bf5 24. Qb3 Re8 25. Bf1 Rad8 26. a6 b6 27. Rac1 bxc5 28. bxc5 Re7
29. Ra1 Rde8 30. Qc4 Be6 31. Qb4 Bd5 32. Nxd4 Qxd4 33. Qxd4 Nxd4 34. Bxc3 Nc2
35. e3 Rb8 36. Bd3 Nxa1 37. Bxa1 Be5 38. Bxe5 Rxe5 39. f4 Ree8 40. g4 Rb2 41.
Re2 Rd8 42. Kf2 Ra2 43. Nf3 Rxe2+ 44. Bxe2 Bxf3 45. Bxf3 Rd2+ 46. Kg3 Rc2 47.
Bxc6 Rxc5 48. Bb7 Kf8 49. h4 Ke7 50. e4 Rc3+ 51. Kg2 Kd6 52. Bd5 f6 53. h5 Kc5
54. Bb7 Kd4 55. Kf2 Ra3 56. Kg2 Ke3 57. Kg3 Ra1 58. e5 fxe5 59. fxe5 Rg1+ 60.
Bg2 Kd4 61. e6 Re1 62. Kf4 {White resigns} 0-1

[Event "Team 45 45 League T39"]
[Site "Internet Chess Club"]
[Date "2008.11.28"]
[Round "6"]
[White "frothyjowels"]
[Black "menorca"]
[Result "1-0"]
[WhiteElo "2285"]
[BlackElo "2096"]
[Opening "Alekhine's defense"]
[ECO "B03"]
[Time "11:00:12"]
[TimeControl "2700+45"]

1. e4 Nf6 2. e5 Nd5 3. d4 d6 4. exd6 exd6 5. c4 Nb6 6. Nc3 Be7 7. Bd3 Nc6 8. Be3
Bf6 9. Nge2 Bg4 10. f3 Bh5 11. O-O O-O 12. b3 Re8 13. Qd2 Bg6 14. Rfe1 Bxd3 15.
Qxd3 d5 16. c5 Nc8 17. a3 N8e7 18. b4 Qd7 19. Ng3 a6 20. Nh5 Nf5 21. Nxf6+ gxf6
22. Rab1 Nxe3 23. Rxe3 Rxe3 24. Qxe3 Re8 25. Qd3 Qe6 26. Kf2 Na7 27. a4 c6 28.
Rg1 Nc8 29. g4 Kh8 30. h4 f5 31. gxf5 Qh6 32. Rg4 Ne7 33. Qe2 Qf6 34. Nd1 Rg8
35. Qe5 Qxe5 36. dxe5 Nxf5 37. Rf4 Nh6 38. Rf6 Rg6 39. Rd6 Nf5 40. Rd7 Nxh4 41.
Rxf7 Re6 42. Kg3 Kg8 43. Rxb7 Nf5+ 44. Kf4 Nd4 45. Nc3 h5 46. Rb6 h4 47. b5 axb5
48. axb5 h3 49. Kg3 h2 50. Kxh2 Nxf3+ 51. Kg3 Nxe5 52. Nxd5 Nd3 53. Rxc6 Rxc6
54. bxc6 Nxc5 55. c7 Ne4+ 56. Kf4 Nd6 57. Ke5 Nc8 58. Ke6 Kf8 59. Kd7 Na7 60.
Nb4 Kf7 61. Nc6 Nxc6 62. Kxc6 {Black resigns} 1-0

[Event "Team 45 45 League T39"]
[Site "Internet Chess Club"]
[Date "2008.11.30"]
[Round "6"]
[White "KNVB"]
[Black "zeigmata"]
[Result "1-0"]
[WhiteElo "2396"]
[BlackElo "2335"]
[Opening "QGD semi-Slav: Stoltz variation"]
[ECO "D45"]
[Time "17:15:31"]
[TimeControl "2700+45"]

1. d4 d5 2. c4 c6 3. Nc3 Nf6 4. e3 e6 5. Nf3 Nbd7 6. Qc2 Bd6 7. g4 Nxg4 8. Rg1
Nxh2 9. Nxh2 Bxh2 10. Rxg7 Nf8 11. Rg2 Bd6 12. Bd2 Ng6 13. O-O-O Bd7 14. e4 dxc4
15. e5 Be7 16. Bxc4 c5 17. dxc5 Nxe5 18. Ne4 Qc7 19. Bc3 Rf8 20. Bb3 O-O-O 21.
Nd6+ {Black resigns} 1-0

[Event "Team 45 45 League T39"]
[Site "Internet Chess Club"]
[Date "2008.11.30"]
[Round "6"]
[White "Extremophile"]
[Black "playwaycool"]
[Result "1-0"]
[WhiteElo "1876"]
[BlackElo "2066"]
[Opening "QGD Slav defense"]
[ECO "D10"]
[Time "00:07:03"]
[TimeControl "2700+45"]

1. d4 d5 2. c4 c6 3. Nc3 Nf6 4. cxd5 cxd5 5. Bf4 e6 6. e3 Nc6 7. Bd3 Bd6 8. Bg3
O-O 9. Nf3 a6 10. O-O Bxg3 11. hxg3 Bd7 12. Rc1 Rc8 13. Bb1 b5 14. Qd3 Na5 15.
Ne5 Be8 16. Ng4 g6 17. Nxf6+ Qxf6 18. Nxd5 exd5 19. Rxc8 b4 20. Rfc1 Bb5 21.
Rxf8+ Kxf8 22. Qc2 Kg7 23. b3 h5 24. Qc7 Nc6 25. Bd3 Nxd4 26. exd4 Bxd3 27. Qe5
Qxe5 28. dxe5 Bb5 29. f4 d4 30. Kf2 g5 31. Kf3 Kg6 32. Ke4 d3 33. f5+ Kg7 34.
Rd1 Bc6+ 35. Kxd3 Bxg2 36. Ke3 h4 37. gxh4 gxh4 38. Kf2 Be4 39. f6+ Kg6 40. Rd4
Bb1 41. Rxb4 Bxa2 42. Ke3 h3 43. Rh4 Kf5 44. Kd4 Bxb3 45. Rxh3 Ba4 46. Kd5 Bd7
47. Rf3+ Kg4 48. Kd6 Bc8 49. Rc3 Be6 50. Rc6 a5 51. Ra6 {Black resigns} 1-0

[Event "Team 45 45 League T39"]
[Site "Internet Chess Club"]
[Date "2008.11.29"]
[Round "6"]
[White "Hesperus"]
[Black "saksipotku"]
[Result "1/2-1/2"]
[WhiteElo "1970"]
[BlackElo "1969"]
[Opening "QGD: Grau (Sahovic) defense"]
[ECO "D06"]
[Time "08:00:24"]
[TimeControl "2700+45"]

1. d4 d5 2. c4 Bf5 3. cxd5 Bxb1 4. Qa4+ c6 5. Rxb1 Qxd5 6. Nf3 Nd7 7. b4 e6 8.
Qc2 Ngf6 9. e3 Bd6 10. Bd3 e5 11. Bc4 Qe4 12. Bxf7+ Ke7 13. Qb3 exd4 14. O-O d3
15. Ng5 Qg4 16. e4 h6 17. h3 hxg5 18. hxg4 Bh2+ 19. Kh1 Bf4+ 20. Bh5 Nxh5 21. g3
Nxg3+ 22. Kg2 Nxf1 23. Kxf1 Rh1+ 24. Kg2 Rxc1 25. Rxc1 Bxc1 26. Qxd3 Ne5 27. Qc2
Bf4 28. b5 Kd6 29. bxc6 bxc6 30. Qa4 a5 31. Kf1 c5 32. Qd1+ Ke7 33. Qd5 Rc8 34.
Qb7+ Kd8 35. Qb6+ Kd7 36. Qxa5 c4 37. Qd5+ Ke7 38. Qb7+ Kd8 39. Qd5+ Ke7 40.
Qb7+ Kd8 {Game drawn by mutual agreement} 1/2-1/2

[Event "Team 45 45 League T39"]
[Site "Internet Chess Club"]
[Date "2008.12.01"]
[Round "6"]
[White "alan"]
[Black "cillu"]
[Result "1-0"]
[WhiteElo "2143"]
[BlackElo "2136"]
[Opening "English opening"]
[ECO "A20"]
[Time "15:00:12"]
[TimeControl "2700+45"]

1. c4 e5 2. g3 Nc6 3. Bg2 f5 4. e3 Nf6 5. Nc3 g6 6. d4 d6 7. Nge2 Bg7 8. O-O O-O
9. b3 e4 10. Bb2 Nb4 11. Nf4 g5 12. a3 gxf4 13. axb4 f3 14. Bxf3 exf3 15. Qxf3
c6 16. Ra5 Bd7 17. Rfa1 Qb8 18. b5 b6 19. R5a2 cxb5 20. cxb5 Re8 21. Ba3 Ne4 22.
Nd5 Be6 23. Nb4 Nd2 24. Qd1 Nxb3 25. Rb1 Na5 26. d5 Bc8 27. Rc2 a6 28. Qh5 Rf8
29. Nc6 Nxc6 30. Rxc6 Rd8 31. Qg5 Bb7 32. Bb2 Rd7 33. Rxb6 Qc7 34. Bd4 Bxd5 35.
Qxf5 Bf7 36. Qg5 Be6 37. bxa6 Qd8 38. Qf4 Bxd4 39. Qxd4 Qc7 40. Qe4 Re8 41. Rb7
d5 42. Qa4 Qc4 43. R1b4 Qc1+ 44. Kg2 Qc8 45. Rg4+ Kf8 46. Qb4+ {Black resigns}
1-0

[Event "Team 45 45 League T39"]
[Site "Internet Chess Club"]
[Date "2008.11.29"]
[Round "6"]
[White "Squeaker"]
[Black "snottgoblin"]
[Result "1-0"]
[WhiteElo "2013"]
[BlackElo "2031"]
[Opening "French: Steinitz variation"]
[ECO "C11"]
[Time "16:02:29"]
[TimeControl "2700+45"]

1. d4 Nf6 2. Nc3 e6 3. e4 d5 4. e5 Nfd7 5. Nce2 c5 6. c3 Nc6 7. f4 a5 8. Nf3 Be7
9. Ng3 a4 10. Bd3 cxd4 11. cxd4 Qb6 12. Ne2 f5 13. O-O O-O 14. g4 fxg4 15. Ng5
Bxg5 16. fxg5 Nxd4 17. Be3 Nxe2+ 18. Qxe2 d4 19. Bd2 Rf3 20. Rxf3 gxf3 21. Qe4
g6 22. Rf1 Qxb2 23. Qxf3 Qxd2 24. Qf7+ Kh8 25. Qe8+ {Black resigns} 1-0

[Event "Team 45 45 League T39"]
[Site "Internet Chess Club"]
[Date "2008.12.01"]
[Round "6"]
[White "Kingmaker"]
[Black "DeLaSalle"]
[Result "0-1"]
[WhiteElo "1949"]
[BlackElo "2031"]
[Opening "Queen's pawn"]
[ECO "A40"]
[Time "12:01:21"]
[TimeControl "2700+45"]

1. d4 e6 2. Nf3 b6 3. Bf4 Nf6 4. e3 Bb7 5. c4 Bb4+ 6. Nbd2 O-O 7. Bg5 Be7 8. Bd3
d5 9. Rc1 Nbd7 10. Bxf6 Nxf6 11. Ne5 c5 12. O-O cxd4 13. exd4 dxc4 14. Ndxc4 Rc8
15. Qd2 b5 16. Na5 Qb6 17. Nxb7 Qxb7 18. Rc2 Rxc2 19. Bxc2 Rd8 20. Rd1 Bd6 21.
Qe2 a5 22. f3 Qc7 23. Be4 Bxe5 24. dxe5 Rxd1+ 25. Qxd1 Nxe4 26. fxe4 g6 27. Qd4
Qc1+ 28. Kf2 Qf4+ 29. Kg1 Qc1+ 30. Kf2 Kg7 31. Kg3 Qg5+ 32. Kf3 Qh5+ 33. Kg3
Qg5+ 34. Kf2 Qh4+ 35. Kf3 Qxh2 36. Qc5 Qh5+ 37. Kg3 Qe2 38. Qd4 h5 39. a3 a4 40.
Kh2 Qf1 41. Qe3 Qd1 42. Qf2 Qd8 43. g3 Qg5 44. Qd4 Qg4 45. Qe3 h4 46. gxh4 Qxh4+
47. Kg2 Qg4+ 48. Kf2 g5 49. Qd4 Qf4+ 50. Ke2 g4 51. Kd3 g3 {White resigns} 0-1

[Event "Team 45 45 League T39"]
[Site "Internet Chess Club"]
[Date "2008.11.30"]
[Round "6"]
[White "emerald"]
[Black "irock"]
[Result "1-0"]
[WhiteElo "1994"]
[BlackElo "1691"]
[Opening "Levitsky attack (Queen's bishop attack)"]
[ECO "D00"]
[Time "18:07:08"]
[TimeControl "2700+45"]

1. d4 d5 2. Bg5 Nf6 3. c4 c6 4. Bxf6 exf6 5. e3 Bf5 6. Nc3 Bb4 7. Qb3 Bxc3+ 8.
Qxc3 Nd7 9. Nf3 O-O 10. Be2 Re8 11. O-O Rc8 12. c5 b6 13. b4 Qc7 14. Nh4 Be6 15.
Bd3 Nf8 16. Rab1 b5 17. h3 Ng6 18. Nf5 Bxf5 19. Bxf5 Ra8 20. Ra1 a5 21. a3 axb4
22. axb4 Nf8 23. Ra3 g6 24. Bd3 Ne6 25. Rfa1 Qb7 26. R1a2 Nc7 27. Ra5 Ra6 28.
Rxa6 Nxa6 29. Qa1 Nxb4 30. Ra7 Qc8 31. Bb1 f5 32. Qa3 Qb8 33. Ra5 f4 34. Qxb4
fxe3 35. fxe3 Rxe3 36. Ra2 Qg3 37. Rf2 Rb3 38. Qe1 Rb2 39. Qe8+ Kg7 40. Qxf7+
Kh6 41. Qf8+ Kh5 42. Bc2 Qe3 43. Bd1+ Kg5 44. h4+ Kxh4 45. Qf6+ Kg3 46. Qd6+ Kh4
47. g3+ Kh3 48. Qd7+ Kxg3 49. Qg4# {Black checkmated} 1-0

[Event "Team 45 45 League T39"]
[Site "Internet Chess Club"]
[Date "2008.12.01"]
[Round "6"]
[White "Checkmates"]
[Black "Road-Runner"]
[Result "1-0"]
[WhiteElo "2441"]
[BlackElo "2307"]
[Opening "QGD: exchange, positional line, 6.Qc2"]
[ECO "D36"]
[Time "11:03:14"]
[TimeControl "2700+45"]

1. d4 d5 2. c4 e6 3. Nc3 Nf6 4. cxd5 exd5 5. Bg5 c6 6. Qc2 Nbd7 7. e3 Be7 8. Bd3
Nh5 9. Bxe7 Qxe7 10. Nge2 g6 11. O-O O-O 12. Rae1 Ndf6 13. Nc1 Ng7 14. f3 Qd6
15. Nb3 Be6 16. Qf2 Rae8 17. Kh1 Re7 18. e4 dxe4 19. fxe4 Ng4 20. Qh4 Bxb3 21.
axb3 h5 22. e5 Qd8 23. h3 Nh6 24. Ne4 Re6 25. Qf4 Nhf5 26. Bc4 Qxd4 27. Nf6+
Rxf6 28. Qxd4 Nxd4 29. exf6 Ngf5 30. Rf4 h4 31. Kg1 Rd8 32. Rfe4 Rd6 33. Re7
Rxf6 34. Rxb7 a5 35. Ra7 Ng3 36. Re8+ Kg7 37. Ree7 Kh6 38. Rxf7 Nde2+ {Black
resigns} 1-0

[Event "Team 45 45 League T39"]
[Site "Internet Chess Club"]
[Date "2008.12.05"]
[Round "6"]
[White "Petrozjan"]
[Black "Elddir"]
[Result "1-0"]
[WhiteElo "2209"]
[BlackElo "2104"]
[Opening "Bogo-Indian defense, Nimzovich variation"]
[ECO "E11"]
[Time "16:11:50"]
[TimeControl "2700+45"]

1. d4 Nf6 2. Nf3 e6 3. c4 Bb4+ 4. Bd2 Qe7 5. g3 Nc6 6. Nc3 Bxc3 7. Bxc3 Ne4 8.
Rc1 d6 9. Bg2 O-O 10. O-O Nxc3 11. Rxc3 a5 12. c5 Rd8 13. cxd6 Qxd6 14. Qd3 Nb4
15. Qc4 c6 16. a3 Nd5 17. Rc2 Bd7 18. h4 Qe7 19. e4 Nf6 20. Re1 Be8 21. e5 Nd5
22. Ng5 h6 23. Ne4 Rdb8 24. Qe2 b5 25. Nd6 Bd7 26. Rc5 b4 27. a4 b3 28. Qd2 Rb4
29. Ra1 Qd8 30. Bf3 Qb6 31. Ra3 Qd8 32. Bd1 f5 33. Bxb3 Qb6 34. Nc4 Qb8 35. Bd1
Qd8 36. Bf3 Nb6 37. Nxa5 Rxa4 38. Rxa4 Nxa4 39. Nxc6 Bxc6 40. Rxc6 Rb8 41. b4
Qe7 42. d5 exd5 43. Bxd5+ Kh8 44. Qc2 Nb6 45. Rxb6 Qxe5 46. Rxb8+ Qxb8 47. Qxf5
Qxb4 48. Qc8+ Kh7 49. Bg8+ Kg6 50. Qe8+ {Black resigns} 1-0

[Event "Team 45 45 League T39"]
[Site "Internet Chess Club"]
[Date "2008.11.28"]
[Round "6"]
[White "Alphalegacy"]
[Black "KarloTurk"]
[Result "1-0"]
[WhiteElo "2033"]
[BlackElo "2032"]
[Opening "Sicilian: Katalimov variation"]
[ECO "B27"]
[Time "14:04:36"]
[TimeControl "2700+45"]

1. e4 c5 2. Nf3 b6 3. d4 cxd4 4. Nxd4 Bb7 5. Nc3 a6 6. Bc4 g6 7. f3 Bg7 8. Be3
d6 9. Qd2 Nf6 10. O-O-O Nbd7 11. Bb3 b5 12. g4 Nc5 13. Kb1 h5 14. g5 Nxb3 15.
Nxb3 Nd7 16. Bd4 Bxd4 17. Qxd4 O-O 18. f4 Qb6 19. Nd5 Bxd5 20. Qxd5 Rfd8 21. Nd4
Nc5 22. f5 Qb7 23. Nc6 Rdc8 24. fxg6 e6 25. gxf7+ Kxf7 26. g6+ Kg8 27. Qxh5 Rxc6
28. g7 Nxe4 29. Qh8+ Kf7 30. Rhf1+ Nf6 31. Rxf6+ {Black resigns} 1-0

[Event "Team 45 45 League T39"]
[Site "Internet Chess Club"]
[Date "2008.11.30"]
[Round "6"]
[White "adh2050"]
[Black "JCMDonet"]
[Result "1-0"]
[WhiteElo "2115"]
[BlackElo "1978"]
[Opening "Sicilian: closed"]
[ECO "B23"]
[Time "15:19:05"]
[TimeControl "2700+45"]

1. e4 c5 2. Nc3 d6 3. f4 Nf6 4. Nf3 e6 5. d4 d5 6. e5 Ne4 7. Nxe4 dxe4 8. Ng5
cxd4 9. Nxe4 Nc6 10. a3 Be7 11. Bd3 Bh4+ 12. g3 Be7 13. Qh5 a6 14. Bd2 b5 15.
O-O Rb8 16. b3 h6 17. a4 b4 18. f5 exf5 19. Nd6+ Bxd6 20. exd6 O-O 21. Bxf5 Bxf5
22. Qxf5 Rb7 23. Qd5 Qd7 24. Rae1 Rbb8 25. Re4 Rbd8 26. Bf4 Rfe8 27. Rfe1 Rxe4
28. Rxe4 Kh7 29. h4 a5 30. Kg2 Kg8 31. Kf2 Rc8 32. Ke2 Kh7 33. Kd2 Rf8 34. Kc1
g6 35. g4 f5 36. Re6 Rf7 37. h5 g5 38. Be5 Nd8 39. gxf5 Qc6 40. Qxd4 Qd7 41. Qd3
Nc6 42. f6+ Kh8 43. Qd5 Kg8 44. Re7 {Black forfeits on time} 1-0

[Event "Team 45 45 League T39"]
[Site "Internet Chess Club"]
[Date "2008.11.30"]
[Round "6"]
[White "LeSacAttack"]
[Black "NFork"]
[Result "1-0"]
[WhiteElo "2287"]
[BlackElo "2158"]
[Opening "Benoni: classical with e4 and Nf3"]
[ECO "A70"]
[Time "14:01:48"]
[TimeControl "2700+45"]

1. d4 Nf6 2. c4 c5 3. d5 e6 4. Nc3 exd5 5. cxd5 g6 6. e4 d6 7. Nf3 Bg7 8. Qa4+
Nbd7 9. Bf4 O-O 10. Qc2 Qe7 11. Bd3 Nh5 12. Bg5 f6 13. Be3 Ne5 14. Nxe5 Qxe5 15.
g3 f5 16. exf5 Bxf5 17. Bxf5 gxf5 18. O-O-O b5 19. Nxb5 Rab8 20. Nc3 Rb4 21.
Rhe1 Qf6 22. Bd2 Rfb8 23. Re6 Qf7 24. Rde1 Nf6 25. f3 Qb7 26. Re7 Qb6 27. Rxg7+
Kxg7 28. Qxf5 Qd8 29. b3 h6 30. h4 Qf8 31. Bxh6+ Kxh6 32. Re6 Kg7 33. Qg5+ Kh7
34. Rxf6 Qg7 35. Qh5+ Kg8 36. Rg6 {Black resigns} 1-0

[Event "Team 45 45 League T39"]
[Site "Internet Chess Club"]
[Date "2008.11.28"]
[Round "6"]
[White "eurander"]
[Black "kingcapture"]
[Result "1-0"]
[WhiteElo "2248"]
[BlackElo "2226"]
[Opening "King's Indian: Andersson variation"]
[ECO "E92"]
[Time "17:00:15"]
[TimeControl "2700+45"]

1. d4 Nf6 2. c4 g6 3. Nc3 Bg7 4. e4 d6 5. Nf3 O-O 6. Be2 e5 7. dxe5 dxe5 8. Qxd8
Rxd8 9. Bg5 Re8 10. Nd5 Nxd5 11. cxd5 c6 12. Bc4 cxd5 13. Bxd5 Nd7 14. Nd2 Nc5
15. O-O-O Be6 16. Bxe6 Rxe6 17. Be3 Bf8 18. Kb1 f5 19. f3 f4 20. Bxc5 Bxc5 21.
Nb3 Be3 22. Rd5 Rc8 23. Rhd1 Rc7 24. Rd7 Re7 25. Rxc7 Rxc7 26. Rd5 Re7 27. Nc5
Bxc5 28. Rxc5 Kf7 29. Kc2 Ke6 30. Rc8 Rd7 31. Ra8 a6 32. Rc8 Kd6 33. Kd2 Rc7 34.
Rd8+ Rd7 35. Rc8 b6 36. Re8 a5 37. Rc8 b5 38. b3 Rc7 39. Ra8 Kc5 40. Rxa5 Rd7+
41. Kc2 Kd4 42. Rxb5 Ke3 43. Rd5 Rc7+ 44. Kb2 Kf2 45. Rd2+ Ke3 46. Rc2 Rxc2+ 47.
Kxc2 Kf2 48. b4 Kxg2 49. b5 g5 50. b6 g4 51. fxg4 f3 52. b7 f2 53. b8=Q f1=Q 54.
Qxe5 Qe2+ 55. Kc3 Qxa2 56. Qg3+ Kh1 57. Qe1+ Kxh2 58. Qd2+ Qxd2+ 59. Kxd2 Kg3
60. e5 Kxg4 61. e6 h5 62. e7 h4 63. e8=Q h3 64. Qe4+ Kg3 65. Qh1 {Black resigns}
1-0

[Event "Team 45 45 League T39"]
[Site "Internet Chess Club"]
[Date "2008.11.27"]
[Round "6"]
[White "The7thGuest"]
[Black "parrot9"]
[Result "1/2-1/2"]
[WhiteElo "2060"]
[BlackElo "1691"]
[Opening "Sicilian: Najdorf, Lipnitzky attack"]
[ECO "B86"]
[Time "14:19:16"]
[TimeControl "2700+45"]

1. e4 c5 2. Nf3 d6 3. d4 cxd4 4. Nxd4 Nf6 5. Nc3 a6 6. Bc4 e6 7. Bb3 Be7 8. O-O
O-O 9. f4 Nc6 10. Nxc6 bxc6 11. f5 d5 12. e5 Nd7 13. f6 gxf6 14. exf6 Nxf6 15.
Bh6 Re8 16. Qf3 Kh8 17. Bg5 Nd7 18. Bxe7 Rxe7 19. Qh5 Qg8 20. Rf3 f5 21. Rg3 Rg7
22. Rxg7 Qxg7 23. Qe8+ Qg8 24. Qe7 Ne5 25. Qf6+ Qg7 26. Qd8+ Qg8 27. Qf6+ Qg7
28. Qd8+ Qg8 29. Qf6+ {Game drawn by repetition} 1/2-1/2

[Event "Team 45 45 League T39"]
[Site "Internet Chess Club"]
[Date "2008.11.27"]
[Round "6"]
[White "Uwak"]
[Black "easycure"]
[Result "1-0"]
[WhiteElo "2318"]
[BlackElo "2382"]
[Opening "Caro-Kann: Panov-Botvinnik attack, 5...e6"]
[ECO "B14"]
[Time "22:03:06"]
[TimeControl "2700+45"]

1. e4 c6 2. d4 d5 3. exd5 cxd5 4. c4 Nf6 5. Nc3 e6 6. Nf3 Bb4 7. cxd5 Nxd5 8.
Qc2 Nc6 9. a3 Be7 10. Bd3 Nf6 11. Be3 O-O 12. Rd1 Bd7 13. O-O Rc8 14. Rfe1 Qa5
15. h3 Rfd8 16. Bf4 Be8 17. Qb3 Qb6 18. Qxb6 axb6 19. Bb1 Na5 20. d5 Bxa3 21.
bxa3 Rxc3 22. dxe6 Rxd1 23. exf7+ Bxf7 24. Rxd1 Rc8 25. Bf5 Re8 26. Ne5 Be6 27.
Bxe6+ Rxe6 28. Kf1 Nc6 29. Nd7 Nxd7 30. Rxd7 Re7 31. Rxe7 Nxe7 32. Ke2 Nc6 33.
Kd3 b5 34. Bd2 Kf7 35. Ke4 Ke6 36. f4 g6 37. Bc3 h5 38. g4 hxg4 39. hxg4 Ne7 40.
Bb4 Nc6 41. Be1 Ne7 42. Kd4 Nd5 43. f5+ gxf5 44. gxf5+ Kd6 45. Bb4+ Kc6 46. Ke5
Ne3 47. Ke6 Nxf5 48. Kxf5 Kb6 49. Ke5 Ka7 50. Kd5 b6 51. Kc6 Ka6 52. Be1 Ka7 53.
Kc7 Ka8 54. Bg3 Ka7 55. Kc8 {Black resigns} 1-0

[Event "Team 45 45 League T39"]
[Site "Internet Chess Club"]
[Date "2008.12.01"]
[Round "6"]
[White "DTK"]
[Black "searchforbobby1"]
[Result "1-0"]
[WhiteElo "2177"]
[BlackElo "2186"]
[Opening "Sicilian: Nimzovich-Rossolimo attack (without ...d6)"]
[ECO "B30"]
[Time "23:00:51"]
[TimeControl "2700+45"]

1. e4 c5 2. Nf3 Nc6 3. Bb5 a6 4. Bxc6 dxc6 5. d3 Qc7 6. O-O e5 7. Nbd2 Bg4 8. h3
Bh5 9. Re1 f6 10. Nf1 Bd6 11. Ng3 Bf7 12. Nf5 g6 13. Nxd6+ Qxd6 14. b3 Ne7 15.
Bh6 g5 16. c3 O-O-O 17. d4 Qe6 18. Qe2 Rhg8 19. dxe5 g4 20. hxg4 Rxg4 21. exf6
Qxf6 22. Ne5 Rxg2+ 23. Kxg2 Rg8+ 24. Kf1 Qxh6 25. Qe3 Qh1+ 26. Ke2 Qh5+ 27. Nf3
Be6 28. Rh1 Qf7 29. Rag1 Ng6 30. Ng5 Nf4+ 31. Kd2 Rd8+ 32. Kc2 Qc7 33. Nxe6 Nxe6
34. Qh3 Re8 35. Qxh7 Qa5 36. Kb2 c4 37. Rg8 Qd8 38. Rxe8 Qxe8 39. Qh8 Nf8 40.
Rg1 Kc7 41. Rg8 Qxe4 42. Rxf8 Qe2+ 43. Ka3 Qe7+ 44. b4 c5 45. Rc8+ Kd7 46. Qh3+
Kd6 47. Qg3+ {Black resigns} 1-0

[Event "Team 45 45 League T39"]
[Site "Internet Chess Club"]
[Date "2008.11.29"]
[Round "6"]
[White "Burning-Bush"]
[Black "Ser-Enigma"]
[Result "1/2-1/2"]
[WhiteElo "2094"]
[BlackElo "2164"]
[Opening "Budapest defense declined"]
[ECO "A51"]
[Time "15:18:05"]
[TimeControl "2700+45"]

1. d4 Nf6 2. c4 e5 3. d5 Bc5 4. Nf3 d6 5. Nc3 c6 6. a3 cxd5 7. cxd5 a5 8. e3 O-O
9. Be2 Na6 10. O-O Bd7 11. Ng5 Rb8 12. Nge4 Nxe4 13. Nxe4 b5 14. Nxc5 Nxc5 15.
b4 axb4 16. axb4 Na4 17. e4 {Game drawn by mutual agreement} 1/2-1/2

[Event "Team 45 45 League T39"]
[Site "Internet Chess Club"]
[Date "2008.12.01"]
[Round "6"]
[White "chsrules88"]
[Black "nardz"]
[Result "0-1"]
[WhiteElo "2010"]
[BlackElo "2114"]
[Opening "Queen's bishop game"]
[ECO "D02"]
[Time "22:04:56"]
[TimeControl "2700+45"]

1. d4 d5 2. Nf3 Nf6 3. Bf4 c5 4. e3 Nc6 5. Bb5 Qb6 6. Bxc6+ bxc6 7. b3 cxd4 8.
exd4 Ba6 9. Nc3 e6 10. Ne2 Ne4 11. O-O Bb4 12. a3 Nc3 13. Nxc3 Bxc3 14. Re1 Bxa1
15. Qxa1 O-O 16. Qc3 Rfd8 17. Qe3 Qb7 18. Bg5 Re8 19. h4 f6 20. Bf4 c5 21. dxc5
e5 22. Bg3 d4 23. Qd2 d3 24. b4 Rad8 25. c3 Bb5 26. a4 Bc6 27. Re3 a6 28. Rxd3
Rxd3 29. Qxd3 e4 30. Qc4+ Bd5 31. Qe2 Qd7 32. Nd4 Qxa4 33. Bd6 Qa1+ 34. Kh2 Qxc3
35. Nf5 Qd3 36. Qg4 g6 37. Nh6+ Kh8 38. Qd7 Qb5 39. Nf7+ Kg7 40. Ne5+ Qxd7 41.
Nxd7 e3 42. fxe3 Rxe3 43. Nb8 Bb7 44. g3 Re2+ 45. Kh3 h5 46. c6 Bxc6 47. Nxc6
Re6 48. Bf4 Rxc6 49. Bd2 Rc2 50. Be1 f5 51. g4 hxg4+ 52. Kg3 Kh6 53. Kf4 Kh5 54.
Ke5 Re2+ {White resigns} 0-1

[Event "Team 45 45 League T39"]
[Site "Internet Chess Club"]
[Date "2008.11.29"]
[Round "6"]
[White "gyoung"]
[Black "pestka"]
[Result "1-0"]
[WhiteElo "2242"]
[BlackElo "2235"]
[Opening "Sicilian: Labourdonnais-Löwenthal (Kalashnikov) variation"]
[ECO "B32"]
[Time "15:32:29"]
[TimeControl "2700+45"]

1. e4 c5 2. Nf3 Nc6 3. d4 cxd4 4. Nxd4 e5 5. Nb5 d6 6. c4 Be7 7. N1c3 a6 8. Na3
f5 9. exf5 Bxf5 10. Bd3 Be6 11. Nc2 Nf6 12. O-O O-O 13. Qe2 Qd7 14. Be3 Ng4 15.
Be4 Nxe3 16. fxe3 g6 17. Bd5 Bxd5 18. Nxd5 Rxf1+ 19. Rxf1 Rf8 20. h3 Kg7 21.
Rxf8 Bxf8 22. Qf3 Qf5 23. Qxf5 gxf5 24. b4 Kf7 25. Kf2 Ke6 26. Kf3 e4+ 27. Ke2
Ke5 28. Nb6 Be7 29. b5 axb5 30. cxb5 Nd8 31. Nb4 Nf7 32. a4 Bd8 33. Nc4+ Ke6 34.
a5 Kd7 35. a6 bxa6 36. bxa6 Kc7 37. Na5 Kb6 38. Nac6 Bg5 39. a7 Kb7 40. Nd5 Bd8
41. g3 h5 42. h4 Ka8 43. Kd2 Kb7 44. Kc3 Ka8 45. Kb4 Kb7 46. Kb5 Ka8 47. Ka6
{Black resigns} 1-0

[Event "Team 45 45 League T39"]
[Site "Internet Chess Club"]
[Date "2008.11.30"]
[Round "6"]
[White "Monsoon-Smith"]
[Black "palito"]
[Result "1/2-1/2"]
[WhiteElo "2103"]
[BlackElo "2102"]
[Opening "Sicilian: accelerated fianchetto, Maróczy bind"]
[ECO "B36"]
[Time "14:00:57"]
[TimeControl "2700+45"]

1. e4 c5 2. Nf3 g6 3. d4 cxd4 4. Nxd4 Nc6 5. c4 Nf6 6. Nc3 d6 7. Be2 Nxd4 8.
Qxd4 Bg7 9. Bg5 O-O 10. Qd2 Be6 11. Rc1 Qa5 12. O-O Rfc8 13. b3 a6 14. f3 b5 15.
Nd5 Qxd2 16. Bxd2 Nxd5 {Game drawn by mutual agreement} 1/2-1/2